 Dungeon Crawl Stone Soup version 0.22-a0-247-gbddf880 (webtiles) character file.

30 Amnesiac the Ducker (level 3, 0/19 HPs)
             Began as a Spriggan Fighter on Feb 26, 2018.
             Slain by a hound (4 damage)
             ... on level 4 of the Dungeon.
             The game lasted 00:02:53 (600 turns).

Amnesiac the Ducker (Spriggan Fighter)               Turns: 600, Time: 00:02:54

Health: 0/19       AC:  2    Str: 18    XL:     3   Next: 3%
Magic:  4/4        EV: 19    Int: 14    God:
Gold:   12         SH:  6    Dex: 15    Spells: 2/2 levels left

rFire    . . .     SeeInvis +   a - +0 rapier
rCold    . . .     Gourm    .   c - +0 buckler
rNeg     . . .     Faith    .   b - +0 robe
rPois    .         Spirit   .   (helmet restricted)
rElec    .         Reflect  .   (no cloak)
rCorr    .         Harm     .   (gloves unavailable)
MR       +....                  (boots unavailable)
Stlth    ++........             (no amulet)
HPRegen  0.06/turn              l - ring of protection from magic
MPRegen  0.09/turn              m - ring of stealth

@: mighty, brilliant, very quick
A: very small, unfitting armour, see invisible, herbivore, speed 3, slow
metabolism 2
a: no special abilities


You were on level 4 of the Dungeon.
You were not hungry.

You visited 1 branch of the dungeon, and saw 4 of its levels.

You collected 12 gold pieces.

Inventory:

Hand Weapons
 a - a +0 rapier (weapon)
Armour
 b - a +0 robe (worn)
 c - a +0 buckler (worn)
Jewellery
 l - a ring of protection from magic (left hand)
 m - a ring of stealth (right hand)
Scrolls
 e - 2 scrolls of remove curse {!r, unknown}
 g - a scroll of teleportation {!r, unknown}
 h - a scroll of amnesia {!r, unknown}
 j - a scroll of random uselessness {!r, unknown}
 k - a scroll of magic mapping {!r, unknown}
Comestibles
 f - 6 rations


   Skills:
 - Level 2.4 Fighting
 - Level 2.1 Short Blades
 - Level 4.4 Dodging
 + Level 3.1 Shields


You had 2 spell levels left.
You didn't know any spells.

Dungeon Overview and Level Annotations

Branches:
Dungeon (4/15)
 Temple: D:4-7

Altars:
Cheibriados

Annotations:
D:4 p0werm0de's ghost, amateur DsHu


Innate Abilities, Weirdness & Mutations

You are very small and have problems with some larger weapons.
You are too small for most types of armour.
You have supernaturally acute eyesight. (SInv)
You are a herbivore.
You cover ground extremely quickly.
You need consume almost no food.


Message History

The frilled lizard hisses angrily.
The hound bites you.
The hound pauses to sniff the ground.
A phantom comes into view.
The phantom hits you. The phantom closely misses you.
An orc comes into view. It is wielding a trident.
A worker ant comes into view.
The orc shouts!
The worker ant twitches its antennae in your direction.
P0werm0de's ghost (amateur Demonspawn Hunter) comes into view.
Okay, then.
P0werm0de's ghost turns its malevolent gaze towards you.
The phantom blinks!
Press: ? - help, v - describe, . - travel
Here: p0werm0de's ghost The floor.
The phantom blinks!
You block the hound's attack.
The phantom blinks!
A ball python comes into view.
The ball python hisses angrily.
The ball python moves out of view.
Found a snail-covered altar of Cheibriados.
You barely miss the ball python. The ball python barely misses you.
The ball python completely misses you. The hound closely misses you.
You block the ball python's attack. The ball python grabs you.
The ball python constricts you.
You escape the ball python's grasp.
The hound completely misses you.
There is a snail-covered altar of Cheibriados here.
Found a small granite ring.
The hound bites you.
* * * LOW HITPOINT WARNING * * *
You see here a small granite ring.
m - a small granite ring You block the hound's attack.
Really quaff
i - a lumpy silvery potion {!q}?
It was a potion of brilliance {!q}.
You feel clever all of a sudden. The hound closely misses you.
You block the hound's attack.
Really quaff
d - a potion of might {!q}?
You feel very mighty all of a sudden. You block the hound's attack.
You hit the hound.
The hound is moderately wounded.
The hound bites you.
* * * LOW HITPOINT WARNING * * *
You block the hound's attack.
Put on which piece of jewellery? (? for menu, Esc to quit)
l - a ring of protection from magic (left hand) Put on which piece of jewellery? (? for menu, Esc to quit)
m - a ring of stealth (right hand)
The hound bites you.
* * * LOW HITPOINT WARNING * * *
You barely miss the hound.
The hound is moderately wounded.
The hound completely misses you. You block the hound's attack.
You puncture the hound!
The hound is almost dead.
You block the hound's attack.
You barely miss the hound.
The hound is almost dead.
The hound bites you.
You die...

## #.## #..# ##.
#@## #...
##h####....
#Sl#....##
#a........
###.........
###...........
##.............
####...........##.
##.............##


You could see a hound, a worker ant, a ball python and a frilled lizard.

Vanquished Creatures
  An adder (D:3)
  2 dart slugs (D:1)
  An orc (D:3)
  4 giant cockroaches
  2 hobgoblins
  A quokka (D:2)
  2 bats
  A frilled lizard (D:1)
  A kobold (D:3)
  A rat (D:1)
16 creatures vanquished.

Notes
Turn   | Place    | Note
-------+----------+-------------------------------------------
     0 | D:1      | Amnesiac the Spriggan Fighter began the quest for the Orb.
     0 | D:1      | Reached XP level 1. HP: 11/11 MP: 2/2
   165 | D:1      | Reached XP level 2. HP: 16/16 MP: 3/3
   380 | D:3      | Reached XP level 3. HP: 17/19 MP: 4/4
   541 | D:4      | Noticed a phantom
   553 | D:4      | Noticed p0werm0de's ghost (amateur DsHu)
   572 | D:4      | Found a snail-covered altar of Cheibriados.
   600 | D:4      | Slain by a hound

Vault maps used:
D:1:      lemuel_arrival_funnel, minmay_misc_feat_pillars
D:2:      grunt_gozag_breadcrumbs, minmay_misc_feat_five, uniq_jessica
D:3:      minmay_diamond_boxcup, chequers_ecumenical_altar_simple_redux
D:4:      cheibriados_altar_1, st_stairs_8

Skill      XL: |  1  2 |
---------------+-------+-----
Shields        | 3 |  3.1
Fighting       | |  2.4
Short Blades   | |  2.1
Dodging        | |  4.4

Action                   || total
-------------------------++-------
Melee: Rapier            ||    50
  Use: Potion            ||     2
Armor: Robe              ||     1
Dodge: Dodged            ||    39
Block: Buckler           ||    22

Table legend:
 A = Spawn XP
 B = Non-spawn XP
 C = Spawn XP percentage of total XP
 D = Spawn monster count
 E = Non-spawn monster count
 F = Spawn count percentage of total count
 G = Total turns spent on level
                    A         B        C        D         E        F      G
               +---------+---------+-------+---------+---------+-------+---------
         Total |       0 |      43 |   0.0 |       0 |      16 |   0.0 |   600
               +---------+---------+-------+---------+---------+-------+---------
           D:1 |       0 |      17 |   0.0 |       0 |       8 |   0.0 |   204
           D:2 |       0 |       2 |   0.0 |       0 |       1 |   0.0 |    77
           D:3 |       0 |      24 |   0.0 |       0 |       7 |   0.0 |   150
               +---------+---------+-------+---------+---------+-------+---------
